 Dungeon Crawl Stone Soup version 0.17-a0-2118-g63bad21 (webtiles) character file.

2258 4thArraOfDagon the Martial Artist (level 9, 31/78 HPs)
             Began as a Red Draconian Monk on Oct 20, 2015.
             Quit the game on level 6 of the Dungeon.
             The game lasted 00:15:05 (3147 turns).

4thArraOfDagon the Martial Artist (DrMo)            Turns: 3147, Time: 00:15:06

Health: 31/78      AC:  9    Str: 13    XL:     9   Next: 15%
Magic:  20/20      EV: 17    Int: 14    God:
Gold:   167        SH:  0    Dex: 16    Spells: 0 memorised, 8 levels left

rFire  + + .     SeeInvis +       - Unarmed
rCold  + . .     Clarity  .     (armour unavailable)
rNeg   . . .     SustAt   .     (no shield)
rPois  .         Gourm    .     (helmet restricted)
rElec  +         Spirit   .     (no cloak)
rCorr  .         Warding  .     d - +0 pair of gloves
rMut   .         Stasis   .     k - +0 pair of boots
MR     +....                    i - amulet of rage
Stlth  ++........               g - +2 ring of evasion
                                r - ring "Qeokhlem" {rElec rC+ MP+9}

@: somewhat resistant to hostile enchantments, unstealthy
A: breathe fire, unfitting armour, antennae 1, stinger 1, see invisible, agile
1, fire resistance 2, low mp 1, magic resistance 1, cold-blooded, AC +7
a: Breathe Fire, Evoke Berserk Rage


You were on level 6 of the Dungeon.
You were not hungry.

You visited 2 branches of the dungeon, and saw 10 of its levels.

You collected 215 gold pieces.
You spent 48 gold pieces at shops.

Inventory:

Armour
 d - a +0 pair of gloves (worn)
 k - a +0 pair of boots (worn)
Jewellery
 f - an uncursed ring of positive energy
 g - a +2 ring of evasion (right hand)
 i - an amulet of rage (around neck)
 l - an uncursed ring of flight
 r - the ring "Qeokhlem" (left hand) {rElec rC+ MP+9}
   (You found it on level 5 of the Dungeon)

   [ring of magical power]

   It protects you from cold.
   It insulates you from electricity.
   It affects your magic capacity (+9).
 w - the ring of Vuvaceg {rPois MP+9 Str-5 Stlth+}
   (You found it on level 9 of the Dungeon)

   [ring of magical power]

   It affects your strength (-5).
   It protects you from poison.
   It affects your magic capacity (+9).
   It makes you more stealthy.
Wands
 c - a wand of random effects (17)
Scrolls
 h - 4 scrolls of enchant weapon
 j - 2 scrolls of identify
 p - 2 scrolls of remove curse
 t - a scroll of random uselessness {unknown}
 u - 2 scrolls of fog {unknown}
 y - 2 scrolls of enchant armour {unknown}
Potions
 b - a potion of poison {unknown}
 m - a potion of cancellation
 s - a potion of lignification
 v - a potion of might
 z - 2 potions of curing {unknown}
 A - a potion of brilliance {unknown}
 B - a potion of magic {unknown}
Books
 e - a book of Dreams

   Spells                             Type                      Level
   a - Ensorcelled Hibernation        Hexes/Ice                    2
   b - Phase Shift                    Translocation                5
   c - Shadow Creatures               Summoning                    5
   d - Silence                        Hexes/Air                    5
   e - Darkness                       Hexes                        6
   f - Mass Confusion                 Hexes                        6
 q - a book of Burglary

   Spells                             Type                      Level
   a - Swiftness                      Charms/Air                   2
   b - Passwall                       Transmutation/Earth          3
   c - Passage of Golubria            Translocation                4
   d - Lee's Rapid Deconstruction     Earth                        5
   e - Darkness                       Hexes                        6
   f - Invisibility                   Hexes                        6
Comestibles
 a - 4 bread rations
 n - 2 meat rations
 o - a slice of pizza
 x - a chunk of flesh


   Skills:
 + Level 6.7 Fighting
 + Level 5.6 Dodging
 - Level 1.7 Stealth
 * Level 9.0 Unarmed Combat
 + Level 4.9 Evocations


You had 8 spell levels left.
You didn't know any spells.

Dungeon Overview and Level Annotations

Branches:
Dungeon (9/15)             Temple (1/1) D:4             Orc (0/4) D:9
   Lair: D:8-11

Altars:
Ashenzari
Dithmenos
Elyvilon
Fedhas
Gozag
Kikubaaqudgha
Nemelex Xobeh
Okawaru
Qazlal
Ru
Trog
Vehumet
Xom
Yredelemnul
Zin
The Shining One

Shops:
D:6 }   D:7 *


Innate Abilities, Weirdness & Mutations

You can breathe blasts of fire.
Your fiery red scales are hard (AC +7).
Your body does not fit into most forms of armour.
Your flesh is very heat resistant.
You are cold-blooded and may be slowed by cold attacks.
You have a pair of small antennae on your head.
Your tail ends in a poisonous barb.
You have supernaturally acute eyesight.
You are agile. (Dex +2)
Your magical capacity is low (-10% MP).
You are resistant to hostile enchantments.


Message History

You feel sick.
You see here an adder corpse.
You feel sick.
You see here an adder corpse.
You butcher the adder corpse.
x - 2 chunks of flesh You feel sick.
You are no longer poisoned.
Eat one of 2 chunks of flesh? (ye/n/q/i?) This raw flesh tastes terrible.
You continue eating. x2
You see here a killer bee corpse.
You see here a killer bee corpse.
Unknown command.
You hit the phantom.
The phantom is lightly damaged.
The phantom blinks!
Unknown command.
Unknown command.
Are you sure you want to abandon this character and quit the game? (Confirm with "yes".)

#.....≈≈≈≈#≈.....#####.........
#.F≈≈≈≈#≈≈≈≈..............###..
#.W≈#≈≈≈≈#≈≈≈..#.#####[##.# #..
#..≈≈≈#≈≈≈≈#≈.##.####...#.# #..
#...≈≈≈≈#≈≈≈≈..#..........# #..
#.#.≈#≈≈≈≈#≈≈≈..)####...#[# #..
#...≈≈≈#≈≈≈≈#≈W#.# ##.##.###..
#....≈≈≈≈#≈≈≈≈...# #.##......
#..#.≈#≈≈≈≈...@### #.##......
#..#.≈≈≈....##.# #.####...#
###........#####.# .. ......
).........## #.# ###...#
####.###### #.# ##.## #.# #.#
#.## # #.# #.# #.## ## #.## #.#
. ⌠# #..# #.# #


You could see a phantom.

Vanquished Creatures
  Prince Ribbit (D:5)
  A hungry ghost (D:8)
  2 sky beasts
  2 phantoms
  An ogre (D:7)
  2 centaurs (D:8)
  3 giant frogs (D:6)
  A gnoll sergeant (D:8)
  A water moccasin zombie (D:6)
  5 killer bees (D:6)
  2 centaur zombies (D:6)
  4 crimson imps
  An orc priest (D:5)
  A giant frog zombie (D:9)
  5 orc wizards
  A gnoll shaman (D:7)
  2 hounds
  An iguana (D:4)
  A worker ant (D:4)
  A hound skeleton (D:5)
  3 adders
  16 gnolls
  An ooze (D:5)
  2 adder skeletons
  A worm (D:2)
  5 orcs
  3 hobgoblins
  4 jackals (D:7)
  2 bats (D:2)
  2 giant geckos
  A giant newt (D:5)
  A kobold (D:3)
  4 quokkas
  3 rats
86 creatures vanquished.

Vanquished Creatures (others)
  An orc wizard (D:6)
1 creature vanquished.

Grand Total: 87 creatures vanquished

Notes
Turn   | Place    | Note
--------------------------------------------------------------
     0 | D:1      | 4thArraOfDagon the Draconian Monk began the quest for the Orb.
     0 | D:1      | Reached XP level 1. HP: 19/19 MP: 1/1
   185 | D:2      | Reached XP level 2. HP: 20/26 MP: 2/2
   330 | D:5      | Entered Level 5 of the Dungeon
   384 | D:4      | Reached XP level 3. HP: 17/33 MP: 3/3
   661 | D:6      | Found a shimmering altar of Xom.
   662 | D:6      | Found a shadowy altar of Dithmenos.
   741 | D:6      | Noticed a phantom
   747 | D:6      | Noticed a giant frog
   756 | D:6      | Gained mutation: Potions and wands are less effective at restoring your health. [potion of mutation]
   756 | D:6      | Gained mutation: Your flesh is cold resistant. [potion of mutation]
   757 | D:6      | Gained mutation: Your flesh is heat resistant. [potion of mutation]
   757 | D:6      | Gained mutation: Your magical capacity is low (-10% MP). [potion of mutation]
   757 | D:6      | Gained mutation: Your tail ends in a poisonous barb. [potion of mutation]
   766 | D:6      | Killed a giant frog
   766 | D:6      | Reached skill level 5 in Unarmed Combat
   766 | D:6      | Reached skill level 1 in Evocations
   766 | D:6      | Reached XP level 4. HP: 27/40 MP: 4/4
   773 | D:6      | Killed a phantom
   773 | D:6      | Reached XP level 5. HP: 32/47 MP: 5/5
   871 | D:6      | Noticed a phantom
   925 | D:6      | Noticed a giant frog
   933 | D:6      | Noticed a giant frog
   940 | D:6      | Killed a giant frog
   940 | D:6      | Reached XP level 6. HP: 53/53 MP: 6/6
   952 | D:6      | Reached skill level 6 in Unarmed Combat
   968 | D:6      | HP: 2/53 [phantom (5)]
  1208 | D:6      | Found Meucziyv's Gadget Shop.
  1261 | D:7      | Found Ocudwecs's General Store.
  1290 | D:7      | Your scales start taking on a fiery red colour.
  1290 | D:7      | Gained mutation: Your flesh is very heat resistant. [Red Draconian growth]
  1290 | D:7      | Reached XP level 7. HP: 60/60 MP: 8/8
  1342 | D:7      | Bought a scroll of identify for 24 gold pieces
  1342 | D:7      | Bought a scroll of identify for 24 gold pieces
  1390 | D:7      | Reached skill level 5 in Fighting
  1418 | D:7      | Lost mutation: Potions and wands are less effective at restoring your health. [mutagenic meat]
  1419 | D:7      | Gained mutation: You have supernaturally acute eyesight. [mutagenic meat]
  1420 | D:7      | Gained mutation: You have a pair of small antennae on your head. [mutagenic meat]
  1451 | D:7      | Found a blossoming altar of Fedhas.
  1536 | D:6      | Killed a giant frog
  1536 | D:6      | Reached skill level 7 in Unarmed Combat
  1689 | D:5      | Noticed Prince Ribbit
  1762 | D:5      | Noticed a phantom
  1788 | D:5      | Got a sparkling copper ring
  1792 | D:5      | Found a shadowy altar of Dithmenos.
  1797 | D:5      | Identified the ring "Qeokhlem" {rElec rC+ MP+9} (You found it on level 5 of the Dungeon)
  1814 | D:5      | Killed Prince Ribbit
  1814 | D:5      | Reached XP level 8. HP: 49/70 MP: 9/9
  1831 | D:5      | Killed a phantom
  2000 | D:4      | Found a staircase to the Ecumenical Temple.
  2009 | Temple   | Entered the Ecumenical Temple
  2061 | Temple   | ...
  2061 | Temple   | FUCK'
  2141 | D:6      | Reached skill level 5 in Dodging
  2141 | D:6      | Reached skill level 8 in Unarmed Combat
  2300 | D:8      | Gained mutation: You are dopey. (Int -2) [mutagenic meat]
  2302 | D:8      | Lost mutation: Your flesh is cold resistant. [mutagenic meat]
  2303 | D:8      | Gained mutation: You are agile. (Dex +2) [mutagenic meat]
  2304 | D:8      | Gained mutation: You are resistant to hostile enchantments. [mutagenic meat]
  2305 | D:8      | Lost mutation: You are dopey. (Int -2) [mutagenic meat]
  2390 | D:9      | Got a vibrating lead ring
  2392 | D:9      | Identified the ring of Vuvaceg {rPois MP+9 Str-5 Stlth+} (You found it on level 9 of the Dungeon)
  2454 | D:9      | Found a basalt altar of Yredelemnul.
  2489 | D:9      | Found a staircase to the Orcish Mines.
  2825 | D:8      | Reached XP level 9. HP: 16/78 MP: 11/11
  3032 | D:6      | Reached skill level 9 in Unarmed Combat
  3147 | D:6      | Quit the game

Vault maps used:
D:1:      ldierk_walled_garden
D:2:      overflow_temple_1_default
D:3:      lemuel_coloured_pillars_altar
D:4:      minmay_temple_entry_overgrown, first_bread, serial_glass,
          glass_columns_c, glass_columns_b, glass_columns_a, glass_columns_c,
          glass_columns_b, glass_columns_c, glass_columns_b, glass_columns_c,
          kennysheep_generic_room_12
D:5:      kennysheep_mini_moat, grunt_dithmenos_smoke_and_mirrors,
          uniq_prince_ribbit1
D:6:      amethyst_overflow_temple_binary, serial_shops, shop,
          nicolae_lava_and_water, uniq_crazy_yiuf_cottage
D:7:      fedhas_altar_3, serial_shops, nicolae_shop_statue_plus
D:9:      lemuel_flame_loot_2, lemuel_doored_altar, david_orc_2
Temple:   circular_temple_pool_12

Action                   |  1- 3 |  4- 6 |  7- 9 || total
-------------------------+-------+-------+-------++-------
Melee: Unarmed           |    71 |    56 |   269 ||   396
 Abil: Evoke Berserk Rag |     2 |     4 |       ||     6
       Breathe Fire      |       |       |    10 ||    10
  Use: Potion            |     5 |       |       ||     5
       Scroll            |       |     3 |     4 ||     7
 Stab: Sleeping          |     1 |       |     2 ||     3
  Eat: Royal jelly       |       |     1 |       ||     1
       Bread ration      |       |     1 |       ||     1
       Chunk             |       |       |    16 ||    16
       Fruit             |       |       |     3 ||     3
